 Dungeon Crawl Stone Soup version 0.31-a0-1068-g5939ac1fb6 (webtiles) character file.

Game seed: 1946658359482423900

4 Chiseanne the Caller (level 1, -1/22 HPs)
             Began as a Demonspawn Wanderer on Nov 24, 2023.
             Slain by a hobgoblin (3 damage)
             ... on level 1 of the Dungeon.
             The game lasted 00:00:19 (150 turns).

Chiseanne the Caller (Demonspawn Wanderer)           Turns: 150, Time: 00:00:20

Health: -1/22      AC:  3    Str: 13    XL:     1   Next: 50%
Magic:  2/2        EV: 11    Int: 13    God:
Gold:   0          SH:  0    Dex: 11    Spells: 1/2 levels left

rFire   . . .        a - +2 falchion
rCold   . . .        (no shield)
rNeg    . . .        e - +0 leather armour
rPois   .            (no helmet)
rElec   .            (no cloak)
rCorr   .            (no gloves)
SInv    .            (no boots)
Will    .....        (no amulet) Stlth
                     (no ring)
HPRegen 0.23/turn    (no ring)
MPRegen 0.08/turn

%: no passive effects
@: berserking, very quick
A: no striking features
a: no special abilities


You were on level 1 of the Dungeon.
You visited 1 branch of the dungeon, and saw 1 of its levels.

Inventory:

Hand Weapons
 a - a +2 falchion (weapon)
Missiles
 d - 3 stones
Armour
 e - a +0 leather armour (worn)
Wands
 b - a wand of polymorph (4)


   Skills:
 * Level 1.1 Fighting
 - Level 1.7 Long Blades
 - Level 1.0 Armour
 - Level 1.7 Dodging
 - Level 1.0 Stealth
 - Level 1.0 Spellcasting
 - Level 2.0 Summonings
 - Level 1.0 Evocations


You had one spell level left.
You knew the following spells:

 Your Spells              Type           Power      Damage    Failure   Level
a - Summon Small Mammal   Summ           20%        N/A       16%         1

Your spell library contained the following spells:

 Spells                   Type           Power      Damage    Failure   Level
 Call Canine Familiar     Summ           5%         N/A       43%         3


Dungeon Overview and Level Annotations

Branches:
Dungeon (1/15)

Altars:


Message History

The ball python constricts you.
You barely miss the ball python. The ball python closely misses you.
The ball python constricts you. The ball python closely misses you.
The ball python constricts you.
You barely miss the ball python. The ball python bites you.
The ball python constricts you. The rat barely misses you.
The ball python bites you but does no damage.
The ball python constricts you.
The hobgoblin hits you but does no damage.
The rat bites you but does no damage.
You slash the ball python!
You kill the ball python!
The hobgoblin barely misses you. The rat bites you.
You completely miss the hobgoblin. The rat bites you but does no damage.
The hobgoblin barely misses you.
You hit the hobgoblin.
The hobgoblin is moderately wounded.
The hobgoblin hits you. The rat bites you.
You are too injured to fight recklessly!
You are too injured to fight recklessly!
You are too injured to fight recklessly!
You are too injured to fight recklessly!
You are too injured to fight recklessly!
You are too injured to fight recklessly!
You are too injured to fight recklessly!
You are too injured to fight recklessly!
You are too injured to fight recklessly!
You are too injured to fight recklessly!
You are too injured to fight recklessly!
The hobgoblin attacks as it pursues you!
The hobgoblin hits you.
* * * LOW HITPOINT WARNING * * *
You see here a quokka corpse.
You closely miss the hobgoblin.
The hobgoblin is moderately wounded.
The hobgoblin hits you.
* * * LOW HITPOINT WARNING * * *
A red film seems to cover your vision as you go berserk!
You feel yourself moving faster!
You feel mighty! The hobgoblin hits you.
You die...

#...# ...# #...# ... .# .
##..# #.. .... ##.########.#
#.#.#### # #........#.#
##.#....... ###..#####.#.#
#......#... .##....# #.#.#
#......#.# ..#....#
#.#.#####........# .##....#
#.#.#..@gr........ .##....#
#.#)#.###......####
###....###...#'###.†........
#.##.##.......####..#####
#....##.......# #........
#######.......# #...###..
#.......# #...# #.........
..... ..##.....##...#...


You could see a hobgoblin and a rat.

Vanquished Creatures
  A bat (D:1)
  A quokka (D:1)
  A ball python (D:1)
  A kobold (D:1)
4 creatures vanquished.

Notes
Turn   | Place    | Note
-------+----------+-------------------------------------------
     0 | D:1      | Chiseanne the Demonspawn Wanderer began the quest for the
                  | Orb.
     0 | D:1      | Chiseanne set off with the following items: a +2 falchion,
                  | a wand of polymorph (4), a potion of berserk rage, a +0
                  | robe; and the following spell memorised: Summon Small
                  | Mammal; and the following spells available to memorise:
                  | Call Canine Familiar.
     0 | D:1      | Reached XP level 1. HP: 13/13 MP: 2/2
   136 | D:1      | Reached skill level 1 in Fighting
   150 | D:1      | Slain by a hobgoblin

Illustrated notes

Levels and vault maps discovered:
D:1:      dpeg_arrival_arbitrary_a, layout_basic

Skill      XL: |  1 |
---------------+----+-----
Fighting       | 1 |  1.1
Long Blades    | |  1.7
Armour         | |  1.0
Dodging        | |  1.7
Stealth        | |  1.0
Spellcasting   | |  1.0
Summonings     | |  2.0
Evocations     | |  1.0

Action                     || total
---------------------------++-------
  Melee: Falchion          ||    13
    Use: Potion            ||     1
 Armour: Leather armour    ||    14
  Dodge: Dodged            ||    12

Table legend: (Time is in decaauts)
 A = Elapsed time spent in this place.
 B = Non-inter-level travel time spent in this place.
 C = Inter-level travel time spent in this place.
 D = Time resting spent in this place.
 E = Time spent auto-exploring this place.
 F = Levels seen in this place.
 G = Mean time per level.
                   A        B        C        D        E       F      G
               +--------+--------+--------+--------+--------+-----+--------+
         Total |    152 |    152 |      0 |      0 |    103 |   1 |  152.0 |
       Dungeon |    152 |    152 |      0 |      0 |    103 |   1 |  152.0 |
               +--------+--------+--------+--------+--------+-----+--------+

Top non-repeatable levels by time:
     D:1: 152 daAuts
